 Dungeon Crawl Stone Soup version 0.30-a0-972-gf3ab3527aa (webtiles) character file.

Game seed: 9759286933614209605

315 retardedninja the Covered (level 6, -9/55 HPs)
             Began as an Armataur Fighter on Mar 31, 2023.
             Killed from afar by a kobold (21 damage)
             ... with a bolt of acid
             ... on level 3 of the Dungeon.
             The game lasted 00:02:35 (1623 turns).

retardedninja the Covered (Armataur Fighter)        Turns: 1623, Time: 00:02:37

Health: -9/55      AC: 10    Str: 21    XL:     6   Next: 19%
Magic:  6/6        EV:  4    Int:  9    God:
Gold:   73         SH:  5    Dex: 11    Spells: 5/5 levels left

rFire   . . .      SeeInvis .    a - +0 long sword
rCold   . . .      Faith    .    c - +0 buckler
rNeg    . . .      Spirit   .    i - +0 plate armour
rPois   .          Reflect  .    (no helmet)
rElec   .          Roll     +    (no cloak)
rCorr   .                        (no gloves)
Will    +....                    (no barding) Stlth
                                 (no amulet)
HPRegen 0.29/turn                h - ring of willpower
MPRegen 0.10/turn                (no ring)

@: lethally poisoned (-9 -> -29), slowed, invisible, very slow
A: large, rugged brown scales 3, deformed body, armoured tail, roll, long
tongue, awkward tongue
a: no special abilities


You were on level 3 of the Dungeon.
You visited 1 branch of the dungeon, and saw 3 of its levels.

You collected 73 gold pieces.

Inventory:

Hand Weapons
 a - a +0 long sword (weapon)
Armour
 c - a +0 buckler (worn)
 i - a +0 plate armour (worn)
Jewellery
 h - a ring of willpower (left hand)
 m - a ring of flight
Scrolls
 b - 2 scrolls of noise {unknown}
 f - a scroll of poison {unknown}
 l - 2 scrolls of identify {unknown}
 n - a scroll of immolation {unknown}
Potions
 e - a potion of haste {unknown}
 g - a potion of flight {unknown}
 j - 2 potions of curing
 k - 2 potions of brilliance {unknown}
 o - a potion of magic {unknown}
 q - a potion of degeneration {unknown}


   Skills:
 + Level 3.9 Fighting
 + Level 3.3 Long Blades
 + Level 5.2 Armour
 + Level 4.8 Shields


You had 5 spell levels left.
You didn't know any spells.
Your spell library contained the following spells:

 Spells                   Type           Power      Damage    Failure   Level
 Blink                    Tloc           0%         N/A       100%        2
 Lesser Beckoning         Tloc           0%         N/A       100%        2
 Momentum Strike          Conj/Tloc      0%         3d8       100%        2
 Static Discharge         Conj/Air       0%         2-2/arc   100%        2
 Call Canine Familiar     Summ           0%         N/A       100%        3
 Portal Projectile        Hex/Tloc       0%         N/A       100%        3
 Vhi's Electric Charge    Tloc/Air       0%         N/A       100%        3
 Leda's Liquefaction      Hex/Erth       0%         N/A       100%        4
 Arcjolt                  Conj/Air       0%         1d10      100%        5
 Plasma Beam              Fire/Air       0%         2x1d7     100%        5


Dungeon Overview and Level Annotations

Branches:
Dungeon (3/15)

Altars:


Innate Abilities, Weirdness & Mutations

You are completely covered in rugged brown scales. (AC +3, +7% HP)
Armour fits poorly on your strangely shaped body.
You have a long armoured tail.
You roll when moving toward enemies. (Rampage)
Your long tongue fully drains potion bottles. (2x potion effects)
Your tongue gives you trouble enunciating. (1.5x scroll delay)


Message History

A hobgoblin is nearby!
The hobgoblin shouts!
You hear a shout!
You roll towards the hobgoblin!
You roll towards the hobgoblin!
The hobgoblin barely misses you.
You slash the hobgoblin!
You kill the hobgoblin!
You see here a hobgoblin corpse.
You start resting.
A kobold is nearby!
A kobold is nearby!
You miss the kobold.
Your tail-slap misses the kobold.
The kobold barely misses you.
You miss the kobold. The kobold barely misses you.
The kobold hits you but does no damage.
You slash the kobold!
You kill the kobold!
You see here a +0 club.
The kobold brigand drinks a potion.
The kobold brigand flickers and vanishes!
Deactivating autopickup; reactivate with Ctrl-A.
There is a strange disturbance nearby!
There is a strange disturbance nearby!
You feel a little less mighty now.
A curare-tipped dart appears from out of thin air!
The curare-tipped dart hits you.
You are poisoned.
You have difficulty breathing.
You feel yourself slow down.
You feel very sick.
The kobold shouts!
You fade into invisibility!
You slurp down every last drop of the potion of invisibility!
You feel very sick.
A curare-tipped dart appears from out of thin air!
The curare-tipped dart hits you.
You are lethally poisoned!
You have difficulty breathing.
* * * LOW HITPOINT WARNING * * *
You feel as though you will be slow longer.
The kobold zaps a wand.
The bolt of acid hits you!!
You die...

.# #.# ##.## #≈~~.##
##.# ## #.#
#..#..##≈~~..# #..####
# #.#####.##..#≈≈~~.##
#.###..
#####........#K.##≈~~.#
#.# #.#
....#.#####.###..#~~~.#
#.# #.# ###.#.#####.#
#..#~~#.# #.# #.#
..........#.# #..#~##.#
#.# #.# ###.#.###.#.#
#..#~##.# #.# #.# #.#.#
#.# #.@####.#####.# #.#
#.#..
..#~##..#.[.......# #.#
#.####
#..~~#.)##...########>#
#.. ...~~##..#>..#
#..<# ...
#.~~~≈#..#.### #.###
... #.~~~≈#..#.# #.#
#.~~~≈#..#.# #†##
#.#~~##†.#.## #.†##
..~~#..##..#######...#


You could see a kobold (unable to see you).

Vanquished Creatures
  Sigmund (D:3)
  A kobold brigand (D:3)
  2 adders (D:2)
  2 dart slugs
  4 endoplasms
  2 giant cockroaches
  7 goblins
  5 hobgoblins
  5 jackals
  7 ball pythons
  11 bats
  10 frilled lizards
  7 kobolds
  A rat (D:1)
65 creatures vanquished.

Vanquished Creatures (others)
  4 plants (D:1)
4 creatures vanquished.

Grand Total: 69 creatures vanquished

Notes
Turn   | Place    | Note
-------+----------+-------------------------------------------
     0 | D:1      | retardedninja the Armataur Fighter began the quest for the
                  | Orb.
     0 | D:1      | Reached XP level 1. HP: 19/19 MP: 1/1
    67 | D:1      | Reached XP level 2. HP: 6/26 MP: 2/2
   401 | D:1      | Reached skill level 4 in Armour
   479 | D:1      | Reached XP level 3. HP: 30/33 MP: 3/3
   893 | D:2      | Reached XP level 4. HP: 40/40 MP: 4/4
  1259 | D:2      | Found a faded altar of an unknown god.
  1425 | D:3      | Noticed Sigmund
  1427 | D:3      | Noticed a kobold brigand
  1430 | D:3      | Noticed a kobold brigand
  1557 | D:3      | Killed a kobold brigand
  1558 | D:3      | Reached XP level 5. HP: 21/48 MP: 5/5
  1566 | D:3      | Killed Sigmund
  1567 | D:3      | Reached skill level 5 in Armour
  1567 | D:3      | Reached XP level 6. HP: 17/55 MP: 6/6
  1623 | D:3      | Killed from afar by a kobold

Illustrated notes

Levels and vault maps discovered:
D:1:      nzn_arrival_settlement, layout_rooms, minmay_lizard_king
D:2:      layout_rooms, shapermc_ecumenical_altar_mp_vishouse,
          minmay_pentomino_z4
D:3:      cheibrodos_thug_alley, layout_loops_ring,
          grunt_temple_overflow_holy_war, nzn_wu_jian_council_hall, hex_tiny,
          uniq_sigmund

Skill      XL: |  1  2  3  4  5 |
---------------+----------------+-----
Long Blades    | 2 3 |  3.3
Fighting       | 3 |  3.9
Armour         | 4 5 |  5.2
Shields        | 4 |  4.8

Action                     |  1- 3 |  4- 6 || total
---------------------------+-------+-------++-------
  Melee: Long sword        |   128 |    71 ||   199
         Tailslap          |     9 |     5 ||    14
    Use: Potion            |       |     3 ||     3
 Armour: Scale mail        |    99 |       ||    99
         Plate armour      |    75 |    54 ||   129
  Dodge: Dodged            |    73 |    18 ||    91
  Block: Buckler           |    55 |    22 ||    77

Table legend: (Time is in decaauts)
 A = Elapsed time spent in this place.
 B = Non-inter-level travel time spent in this place.
 C = Inter-level travel time spent in this place.
 D = Time resting spent in this place.
 E = Time spent auto-exploring this place.
 F = Levels seen in this place.
 G = Mean time per level.
                   A        B        C        D        E       F      G
               +--------+--------+--------+--------+--------+-----+--------+
         Total |   1692 |   1640 |     52 |     77 |   1042 |   3 |  564.0 |
       Dungeon |   1692 |   1640 |     52 |     77 |   1042 |   3 |  564.0 |
               +--------+--------+--------+--------+--------+-----+--------+

Top non-repeatable levels by time:
     D:2: 692 daAuts
     D:1: 651 daAuts
     D:3: 348 daAuts
